Map: Central Protocol

Players

Toons

  • Race: Protoss Protoss
  • League: Gold

Light - Winner!

  • Race: Zerg Zerg
  • League: Platinum

VOD

Have the link to the VOD?

Description

Time

  • Played on: Jan. 23, 2016, 2:27 a.m.
  • Length: 16:19
Show
View Real Time Build Order
Export as new Build Order

Toons Protoss 

Build Orders:  

Get SALT Encoding   

  12  0:01  Probe (Chrono Boost)  
  13  0:11  Probe (Chrono Boost)  
  14  0:20  Pylon  
  14  0:23  Probe (Chrono Boost)  
  15  0:37  Assimilator  
  15  0:38  Probe (Chrono Boost)  
  16  0:47  Gateway  
  16  0:49  Probe (Chrono Boost)  
  17  1:00  Probe (Chrono Boost)  
  18  1:13  Gateway  
  18  1:14  Pylon  
  18  1:16  Probe (Chrono Boost)  
  19  1:27  Probe (Chrono Boost)  
  20  1:36  Cybernetics Core  
  20  1:40  Probe (Chrono Boost)  
  21  1:55  Nexus  
  21  1:58  Probe (Chrono Boost)  
  22  2:05  Zealot  
  24  2:09  Probe (Chrono Boost)  
  24  2:12  Warp Gate (Chrono Boost)  
  25  2:20  Probe  
  26  2:28  Pylon  
  26  2:32  Pylon, Probe  
  27  2:42  Adept  
  29  2:44  Probe  
  30  2:56  Forge  
  30  2:59  Gateway  
  30  3:07  Mothership Core, Probe  
  33  3:17  Gateway  
  33  3:24  Probe  
  33  3:26  Probe  
  34  3:33  Adept  
  37  3:39  Assimilator, Probe (Chrono Boost)  
  38  3:47  Photon Cannon  
  38  3:50  Probe (Chrono Boost)  
  38  3:54  Photon Cannon  
  39  3:56  Probe (Chrono Boost)  
  39  4:02  Probe (Chrono Boost)  
  41  4:10  Probe (Chrono Boost)  
  41  4:12  Pylon, Adept x2  
  46  4:22  Adept  
  48  4:32  Probe (Chrono Boost)  
  48  4:33  Probe (Chrono Boost)  
  48  4:36  Assimilator  
  50  4:39  Pylon  
  50  4:40  Assimilator  
  44  4:47  Sentry  
  44  4:48  Adept x2  
  49  4:53  Probe x2 (Chrono Boost)  
  50  5:03  Probe x2 (Chrono Boost)  
  52  5:11  Photon Cannon  
  52  5:14  Probe x2 (Chrono Boost)  
  54  5:16  Stargate  
  54  5:19  Stargate  
  54  5:24  Pylon  
  54  5:29  Zealot x3  
  54  5:33  Stargate  
  60  5:35  Pylon  
  60  5:37  Probe (Chrono Boost)  
  60  5:39  Probe (Chrono Boost)  
  62  5:52  Probe x2 (Chrono Boost)  
  64  5:58  Protoss Air Weapons Level 1  
  64  6:02  Probe x2 (Chrono Boost)  
  66  6:10  Fleet Beacon  
  55  6:22  Zealot x2  
  55  6:23  Zealot  
  61  6:44  Void Ray (Chrono Boost)  
  61  6:45  Void Ray (Chrono Boost)  
  69  6:50  Probe x2 (Chrono Boost)  
  71  7:06  Probe (Chrono Boost)  
  71  7:07  Probe (Chrono Boost)  
  73  7:16  Carrier (Chrono Boost)  
  79  7:27  Carrier (Chrono Boost)  
  85  7:35  Oracle (Chrono Boost)  
  88  7:41  Graviton Catapult  
  88  7:56  Probe  
  88  7:57  Probe  
  90  8:01  Pylon  
  90  8:04  Pylon  
  96  8:27  Pylon  
  96  8:32  Pylon, Carrier (Chrono Boost), Protoss Air Weapons Level 2  
  96  8:39  Pylon  
  96  8:46  Carrier (Chrono Boost)  
  108  9:31  Carrier (Chrono Boost)  
  108  9:36  Protoss Ground Weapons Level 1  
  108  9:38  Zealot x2  
  108  9:39  Zealot  
  114  9:45  Probe  
  114  9:46  Probe  
  116  10:08  Stalker x2  
  116  10:09  Stalker  
  119  10:42  Nexus  
  119  10:44  Carrier (Chrono Boost)  
  131  10:55  Carrier (Chrono Boost)  
  131  11:21  Pylon  
  131  11:23  Pylon  
  131  11:26  Pylon  
  131  11:30  Protoss Air Weapons Level 3  
  137  11:41  Carrier (Chrono Boost)  
  137  11:55  Twilight Council  
  137  11:56  Pylon  
  143  12:01  Carrier (Chrono Boost)  
  143  12:05  Zealot  
  143  12:06  Zealot x2  
  149  12:11  Photon Cannon  
  149  12:12  Photon Cannon  
  149  12:13  Photon Cannon  
  149  12:18  Photon Cannon  
  149  12:19  Photon Cannon  
  149  12:21  Photon Cannon  
  149  12:22  Photon Cannon  
  149  12:24  Photon Cannon  
  149  12:26  Photon Cannon  
  149  12:31  Photon Cannon  
  149  12:51  Probe  
  149  12:54  Probe x2  
  150  13:13  Protoss Ground Armor Level 1  
  150  13:18  Dark Shrine  
  131  13:50  Zealot x3  
  127  14:07  Probe  
  127  14:09  Probe  
  123  14:37  Photon Cannon  
  123  14:38  Photon Cannon  
  123  14:48  Dark Templar x2  
  127  14:59  Nexus  
  129  15:15  Tempest (Chrono Boost)  
  127  15:24  Dark Templar x2  
  131  15:34  Pylon  
  131  15:35  Pylon  
  131  15:37  Pylon  
  117  16:05  Zealot  
  117  16:06  Zealot  
Show
View Real Time Build Order
Export as new Build Order

Light Zerg - Winner!

Build Orders: Hatch First 

Get SALT Encoding   

  12  0:01  Drone  
  13  0:08  Drone  
  14  0:15  Extractor  
  14  0:16  Drone  
  15  0:22  Overlord  
  15  0:41  Drone x2  
  17  0:44  Drone  
  18  1:01  Drone  
  18  1:03  Hatchery  
  18  1:16  Spawning Pool  
  17  1:19  Drone  
  17  1:20  Drone, Extractor  
  18  1:37  Drone  
  18  1:39  Drone  
  20  1:48  Drone  
  21  2:06  Zergling x2  
  22  2:14  Queen  
  24  2:16  Queen  
  24  2:17  Hatchery  
  24  2:18  Zergling x2  
  26  2:27  Overlord  
  26  2:28  Drone  
  27  2:38  Zergling x2  
  27  2:40  Metabolic Boost  
  28  2:54  Zergling x8  
  32  3:00  Zergling x2  
  33  3:19  Zergling x4  
  36  3:20  Zergling x2  
  36  3:24  Evolution Chamber, Overlord  
  35  3:29  Overlord  
  34  3:39  Zergling x10  
  34  3:40  Zergling x4  
  41  3:46  Drone x2  
  43  4:02  Overlord  
  43  4:08  Zergling x6  
  43  4:09  Zergling x2, Overlord  
  47  4:10  Zergling x2  
  47  4:11  Zergling x8  
  51  4:32  Drone  
  51  4:33  Drone, Spine Crawler  
  51  4:36  Spine Crawler  
  51  4:42  Zergling x2  
  51  4:43  Zergling x12  
  54  4:58  Drone x3  
  54  4:59  Drone x3  
  60  5:04  Queen  
  62  5:21  Drone  
  62  5:22  Drone x6  
  62  5:27  Extractor  
  68  5:29  Spore Crawler  
  68  5:34  Drone  
  68  5:35  Drone x3  
  71  5:36  Drone  
  72  5:51  Overlord x4  
  72  5:58  Spore Crawler  
  72  5:59  Drone x2  
  71  6:27  Zergling x6  
  71  6:28  Zergling x10  
  70  6:35  Drone x6  
  70  6:36  Drone x5  
  80  6:43  Lair  
  80  6:47  Roach Warren  
  80  6:49  Spine Crawler  
  80  6:51  Extractor  
  80  6:52  Extractor  
  80  6:53  Spine Crawler  
  75  6:54  Spore Crawler  
  75  6:59  Spine Crawler x2  
  72  7:02  Spine Crawler  
  72  7:04  Drone x3, Extractor x2  
  72  7:15  Evolution Chamber  
  71  7:16  Evolution Chamber  
  70  7:27  Queen  
  72  7:34  Drone  
  72  7:35  Drone x5  
  72  7:36  Drone  
  80  7:37  Drone x6  
  80  7:41  Drone x3  
  80  7:42  Drone  
  89  7:45  Glial Reconstitution  
  89  7:53  Infestation Pit  
  88  8:01  Zerg Melee Weapons Level 1  
  88  8:02  Zerg Missile Weapons Level 1  
  88  8:03  Roach x3  
  94  8:08  Overseer  
  94  8:11  Roach x2  
  94  8:12  Roach x2  
  102  8:54  Hydralisk Den  
  102  9:00  Hydralisk Den  
  102  9:02  Hive  
  101  9:06  Zergling x8  
  101  9:07  Overlord x5  
  101  9:08  Overlord x4  
  105  9:13  Spore Crawler  
  105  9:15  Ravager  
  105  9:21  Hatchery  
  104  9:26  Zerg Ground Armor Level 1  
  104  9:39  Hydralisk x4  
  104  9:40  Hydralisk x6  
  104  9:41  Hydralisk x4  
  131  9:58  Hydralisk x2  
  131  9:59  Hydralisk x3  
  141  10:00  Hydralisk  
  136  10:19  Hydralisk x5  
  140  10:37  Spire  
  139  10:49  Spore Crawler  
  138  10:50  Spore Crawler x2  
  138  10:51  Hatchery  
  138  10:55  Overseer  
  135  10:58  Roach x6  
  135  10:59  Roach  
  149  11:09  Muscular Augments  
  149  11:12  Zerg Missile Weapons Level 2  
  149  11:16  Drone x7  
  149  11:17  Drone x4  
  160  11:23  Overlord  
  160  11:24  Overlord  
  160  11:36  Hydralisk x4  
  160  11:37  Extractor  
  167  11:40  Extractor  
  154  12:01  Corruptor x4  
  162  12:11  Drone  
  162  12:14  Drone x3  
  166  12:21  Spine Crawler  
  165  12:23  Spine Crawler  
  165  12:24  Spine Crawler  
  165  12:25  Spore Crawler  
  165  12:28  Corruptor x4  
  170  12:32  Zerg Flyer Weapons Level 1  
  170  12:42  Zerg Ground Armor Level 2  
  170  12:53  Corruptor x2  
  168  13:04  Viper  
  171  13:14  Zergling x8, Overlord x2  
  173  13:34  Corruptor  
  173  13:35  Corruptor x3  
  177  13:50  Corruptor x5  
  177  13:53  Overlord x2  
  155  14:12  Hydralisk  
  155  14:13  Hydralisk x4  
  164  14:29  Drone x3  
  166  14:32  Roach x4  
  166  14:38  Drone x3  
  174  14:59  Drone x2  
  176  15:21  Hydralisk x5  
  176  15:22  Hydralisk x6  
Tags
 
Add a new tag
Caveats
  • Supply blocks, unpowered buildings, or Contaminate may cause inaccurate times.
  • Supply counts are checked every 10 seconds.